 Dungeon Crawl Stone Soup version 0.29-a0-111-gbaf749a769 (webtiles) character file.

Game seed: 9908980050972175197

21 esteth the Magician (level 3, -6/25 HPs)
             Began as a Djinni Conjurer on Feb 17, 2022.
             Mangled by a gnoll (7 damage)
             ... on level 1 of the Dungeon.
             The game lasted 00:01:45 (1181 turns).

esteth the Magician (Djinni Conjurer)               Turns: 1181, Time: 00:01:45

Health: -6/25      AC:  2    Str:  6    XL:     3   Next: 2%
Gold:   65         EV: 12    Int: 21    God:
                   SH:  0    Dex: 11

rFire   + + .      SeeInvis .   g - +0 hand axe (vorpal)
rCold   x . .      Faith    .   (no shield)
rNeg    . . .      Spirit   .   a - +0 robe
rPois   ∞          Reflect  .   (no helmet)
rElec   .          Harm     .   (no cloak)
rCorr   .          Rampage  .   (no gloves)
Will    .....                   (boots unavailable)
Stlth   ++........              (no amulet)
HPRegen 0.08/turn               (no ring)
MPRegen 0.00/turn               (no ring)

@: flying
A: sickness immunity, fire resistance 2, cold vulnerability 1, float, innate
caster, HP casting, extra vitality 1
a: no special abilities


You were on level 1 of the Dungeon.
You visited 1 branch of the dungeon, and saw 2 of its levels.

You collected 65 gold pieces.


Innate Abilities, Weirdness & Mutations

You are immune to sickness and miasma.
You are immune to poison.
Your flesh is very heat resistant. (rF++)
You are vulnerable to cold. (rC-)
You float through the air rather than walking.
You learn spells naturally, not from books.
Your magical power is your life essence.
You have superior vitality. (+4 MHP)


   Skills:
 - Level 2.1 Dodging
 - Level 1.5 Stealth
 + Level 3.8 Spellcasting


You couldn't memorise any spells.
You knew the following spells:

 Your Spells              Type           Power      Damage    Failure   Level
d - Dazzling Flash        Conj/Hex       40%        N/A       8%          3
f - Fulminant Prism       Conj/Hex       10%        3d9       24%         4
i - Iskenderun's Mystic   Conj/Tloc      20%        2d6       24%         4
m - Magic Dart            Conj           80%        1d7       2%          1
s - Searing Ray           Conj           40%        2d5       3%          2
S - Slow                  Hex            80%        N/A       2%          1
Your spell library was empty.

Inventory:

Hand Weapons
 d - a +0 club
   (You found it on level 1 of the Dungeon)
 g - a +0 vorpal hand axe (weapon)
   (You found it on level 1 of the Dungeon)
Missiles
 e - 15 bolts
 f - 26 stones
 i - 26 arrows
Armour
 a - a +0 robe (worn)
Scrolls
 c - a scroll of blinking {unknown}
 h - 2 scrolls of identify {@r1}
Potions
 b - a potion of curing {unknown}
 j - 2 potions of mutation {!q}

Dungeon Overview and Level Annotations

Branches:
Dungeon (2/15)

Altars:

.#.................# #.#
####.##.......##...# #.#
######## # #..........######
#.# #....... #
####.......########.#
#)###### ##
#................# #.# .#
#.).....########.# #.#
.#########..#..........# #.#
..............############.#
############...g@g.........#
####### #.###############
......######.#
#####........# ##########


You could see 2 gnolls.


Message History

The jackal barks!
The bat barely misses you. The bat hits you but does no damage.
An endoplasm comes into view. 😕 HP[-1]
You take 1 damage, and now have 18/21 hp.
The jackal bites you.
You fly upwards.
There is a stone staircase leading down here. 😕 HP[-1]
You take 1 damage, and now have 17/21 hp.
Casting: Magic Dart (safe; 3% risk of failure)
Confirm with . or Enter, or press ? or * to list all spells.
Aiming: Magic Dart (safe; 3% risk of failure)
Press: ? - help, Shift-Dir - straight line, f - jackal
Aim: a jackal (heavily wounded, 100% to hit)
The magic dart hits the jackal.
You kill the jackal!
You have reached level 3!
Your experience leads to an increase in your attributes!
Increase (S)trength, (I)ntelligence, or (D)exterity?
You feel clever. x2
The power to cast Slow wells up from within.
Spell assigned to 'S'. 😕 HP[+3]
You now have 25 max hp (+4).
You regained 3 hp, and now have 20/25 hp.
You start resting. 😎 HP[+5]
Your hp is fully restored (25).
There is a stone staircase leading down here.
You fly downwards.
Found 12 arrows and a fizzy ruby potion.
Found two stone staircases leading down.
There is a stone staircase leading up here.
Casting: Magic Dart (safe; 2% risk of failure)
Confirm with . or Enter, or press ? or * to list all spells.
Aiming: Magic Dart (safe; 2% risk of failure)
Press: ? - help, Shift-Dir - straight line, f - gnoll
Aim: a gnoll, wielding a +0 club (asleep, 100% to hit)
The magic dart hits the gnoll. 😕 HP[-1]
You take 1 damage, and now have 24/25 hp.
Casting: Magic Dart (safe; 2% risk of failure)
Confirm with . or Enter, or press ? or * to list all spells.
Aiming: Magic Dart (safe; 2% risk of failure)
Press: ? - help, Shift-Dir - straight line, f/p - gnoll
Aim: a gnoll, wielding a +0 club (moderately wounded, 100% to hit)
The magic dart hits the gnoll. 😕 HP[-1]
You take 1 damage, and now have 23/25 hp.
Casting: Magic Dart (safe; 2% risk of failure)
Confirm with . or Enter, or press ? or * to list all spells.
Aiming: Magic Dart (safe; 2% risk of failure)
Press: ? - help, Shift-Dir - straight line, f/p - gnoll
Aim: a gnoll, wielding a +0 club (moderately wounded, 100% to hit)
The magic dart hits the gnoll but does no damage.
The gnoll barely misses you. 😕 HP[-1]
You take 1 damage, and now have 22/25 hp.
The gnoll barely misses you. The gnoll closely misses you.
You fly upwards.
There is a stone staircase leading down here.
Casting: Magic Dart (safe; 2% risk of failure)
Confirm with . or Enter, or press ? or * to list all spells.
Aiming: Magic Dart (safe; 2% risk of failure)
Press: ? - help, Shift-Dir - straight line, f - gnoll
Aim: a gnoll, wielding a +0 club (moderately wounded, 100% to hit)
The magic dart hits the gnoll but does no damage.
The gnoll hits you with a +0 flail! The gnoll misses you. 😮 HP[-7]
You take 7 damage, and now have 15/25 hp.
MASSIVE DAMAGE!! (PAUSE)
Casting: Magic Dart (safe; 2% risk of failure)
Confirm with . or Enter, or press ? or * to list all spells.
Aiming: Magic Dart (safe; 2% risk of failure)
Press: ? - help, Shift-Dir - straight line, f/p - gnoll
Aim: a gnoll, wielding a +0 club (moderately wounded, 100% to hit)
The magic dart hits the gnoll.
The gnoll barely misses you. The gnoll hits you with a +0 club.
* * * LOW HITPOINT WARNING * * *
😨 HP[-6]
You take 6 damage, and now have 9/25 hp.
MASSIVE DAMAGE!! (PAUSE)
As you read the scroll labelled OPIUCU AKOOSCH, it crumbles to dust.
It is a scroll of identify.
j - 2 potions of mutation The gnoll hits you with a +0 flail.
* * * LOW HITPOINT WARNING * * *
The gnoll hits you with a +0 club.
* * * LOW HITPOINT WARNING * * *
😱 HP[-8]
You take 8 damage, and now have 1/25 hp.
MASSIVE DAMAGE!! (PAUSE)
Okay, then.
Okay, then.
As you read the scroll labelled PUFANI USTAGRA, it crumbles to dust.
It is a scroll of amnesia.
You feel forgetful for a moment. The gnoll barely misses you.
The gnoll hits you with a +0 club!
You die...

Action                   || total
-------------------------++-------
 Cast: Magic Dart        ||    40
  Use: Scroll            ||     2
Armor: Robe              ||     2
Dodge: Dodged            ||     9

Levels and vault maps discovered:
D:1:      mrwooster_arrival_arrow, layout_loops_ring, chequers_mini_garden
D:2:      layout_rooms, ebering_ecumenical_altar_sacrificial, uniq_jessica

Notes
Turn   | Place    | Note
-------+----------+-------------------------------------------
     0 | D:1      | esteth the Djinni Conjurer began the quest for the Orb.
     0 | D:1      | Reached XP level 1. HP: 15/15 MP: 0/0
     0 | D:1      | magus.rc [v1.11.3]
   279 | D:1      | Reached XP level 2. HP: 20/21 MP: 0/0
  1092 | D:1      | Reached XP level 3. HP: 20/25 MP: 0/0
  1092 | D:1      | Learned a level 1 spell: Slow
  1180 | D:1      | HP: 4/25 [gnoll (5)]
  1180 | D:1      | HP: 1/25 [gnoll (3)]
  1181 | D:1      | Mangled by a gnoll

Vanquished Creatures
  2 giant cockroaches (D:1)
  2 goblins (D:1)
  3 hobgoblins (D:1)
  5 jackals (D:1)
  2 kobolds (D:1)
  2 ball pythons
  A rat (D:1)
17 creatures vanquished.

Table legend:
 A = Non-vault XP
 B = Vault XP
 C = Vault XP percentage of total XP
 D = Non-vault monster count
 E = Vault monster count
 F = Vault count percentage of total count
                 A         B        C        D         E       F
            +---------+---------+-------+---------+---------+-------
      Total |      30 |       0 |   0.0 |      17 |       0 |   0.0
            +---------+---------+-------+---------+---------+-------
        D:1 |      29 |       0 |   0.0 |      16 |       0 |   0.0
        D:2 |       1 |       0 |   0.0 |       1 |       0 |   0.0
            +---------+---------+-------+---------+---------+-------

Illustrated notes

Table legend:
 A = Kills in this place as a percentage of kills in entire the game.
 B = Kills by you in this place as a percentage of kills by you in the entire game.
 C = Kills by friends in this place as a percentage of kills by friends in the entire game.
 D = Other kills in this place as a percentage of other kills in the entire game.
 E = Experience gained in this place as a percentage of experience gained in the entire game.
 F = Experience gained in this place divided by the number of levels of this place that you have seen.
                   A       B       C       D       E      F
               +-------+-------+-------+-------+-------+----------------------
         Total | 100.0 | 100.0 |   N/A |   N/A | 100.0 |  15.0
       Dungeon | 100.0 | 100.0 |   N/A |   N/A | 100.0 |  15.0
               +-------+-------+-------+-------+-------+----------------------

Table legend: (Time is in decaauts)
 A = Elapsed time spent in this place.
 B = Non-inter-level travel time spent in this place.
 C = Inter-level travel time spent in this place.
 D = Time resting spent in this place.
 E = Time spent auto-exploring this place.
 F = Levels seen in this place.
 G = Mean time per level.
                   A        B        C        D        E       F      G
               +--------+--------+--------+--------+--------+-----+--------+
         Total |   1181 |   1160 |     21 |     62 |    992 |   2 |  590.5 |
       Dungeon |   1181 |   1160 |     21 |     62 |    992 |   2 |  590.5 |
               +--------+--------+--------+--------+--------+-----+--------+

Top non-repeatable levels by time:
     D:1: 1171 daAuts
     D:2: 10 daAuts
